 Dungeon Crawl Stone Soup version bcrawl-1.36.4 (webtiles) character file.

Game seed: 1618705331403378608

242650 Mrkan the Cudgeler (level 8, -2/51 HPs)
             Began as a Gargoyle Fighter on July 24, 2022.
             Slain by an ice beast (6 damage)
             ... on level 5 of the Dungeon.
             The game lasted 00:12:12 (5455 turns).

Mrkan the Cudgeler (Gargoyle Fighter)               Turns: 5455, Time: 00:12:13

Health: -2/51      AC: 15    Str: 21    XL:     8   Next: 84%
Magic:  8/8        EV:  6    Int:  9    God:
Gold:   311        SH: 10    Dex: 10    Spells: 7/7 levels left

rFire    . . .     SeeInvis .   a - +0 flail
rCold    . . .     Gourm    .   c - +0 medium shield
rNeg     + . .     Faith    .   b - +0 scale mail
rPois    ∞         Spirit   .   (no helmet)
rElec    +         Reflect  .   m - +0 cloak
rCorr    .                      u - +0 pair of gloves
MR       .....                  (no boots)
Stlth    ..........             (no amulet)
HPRegen  0.17/turn              (no ring)
MPRegen  0.11/turn              (no ring)

@: no status effects
A: negative energy resistance 1, electricity resistance, unbreathing,
petrification resistance, rot immunity, AC +5
a: no special abilities


You were on level 5 of the Dungeon.
You were not hungry.

You visited 1 branch of the dungeon, and saw 5 of its levels.
You also visited: Ossuary.

You collected 311 gold pieces.

Inventory:

Hand Weapons
 a - a +0 flail (weapon)
 g - a +3 spear
Armour
 b - a +0 scale mail (worn)
 c - a +0 medium shield (worn)
 m - a +0 cloak (worn)
 u - a +0 pair of gloves (worn)
Jewellery
 p - a +7 ring of strength {unknown}
Scrolls
 f - 3 scrolls of remove curse {unknown}
 i - 12 scrolls of identify
 l - 2 scrolls of teleportation {unknown}
 o - 3 scrolls of amnesia {unknown}
 q - a scroll of fear {unknown}
 s - a scroll of magic mapping {unknown}
 w - a scroll of immolation {unknown}
 y - a scroll of fog {unknown}
Potions
 d - a potion of cancellation {unknown}
 h - 2 potions of mutation {unknown}
 j - 2 potions of haste {unknown}
 k - a potion of lignification {unknown}
 n - a potion of invisibility {unknown}
 r - 3 potions of heal wounds {unknown}
 t - 3 potions of flight {unknown}
 v - 3 potions of curing {unknown}
 x - a potion of magic {unknown}
 z - a potion of ambrosia {unknown}
Comestibles
 e - 9 rations {!d}
 A - 2 chunks of flesh


   Skills:
 + Level 6.1 Fighting
 * Level 7.1 Maces & Flails
 - Level 6.1 Armour
 + Level 6.2 Shields


You had 7 spell levels left.
You didn't know any spells.
Your spell library was empty.

Dungeon Overview and Level Annotations

Branches:
Dungeon (5/12)
 Temple: D:4-7

Altars:
Hepliaklqana
Kikubaaqudgha

Annotations:
D:3 1 runed door
D:5 Edmund


Innate Abilities, Weirdness & Mutations

You are resistant to torment.
Your stone body is resilient. (AC +5)
You are immune to poison.
You resist negative energy. (rN+)
You are resistant to electric shocks. (rElec)
You can survive without breathing.
You are immune to petrification.
You are immune to rotting.


Message History

The ice beast hits you but does no damage.
You block the ice beast's attack.
You barely miss the ice beast.
The ice beast is lightly wounded.
The ice beast hits you. The ice beast freezes you!
You hit the ice beast.
The ice beast is lightly wounded.
The ice beast hits you.
* * * LOW HITPOINT WARNING * * *
The ice beast freezes you!
* * * LOW HITPOINT WARNING * * *
You sock the ice beast!
The ice beast is severely wounded.
You block the ice beast's attack.
You closely miss the ice beast.
The ice beast is severely wounded.
The ice beast hits you.
* * * LOW HITPOINT WARNING * * *
The ice beast freezes you.
You die...

#............###.....##
...............###..#.#
###.............#...####
###...##)#...##...#
##.....##..#(..##
#....#.##.....#
##......#...###
#..#...##### #.@#..##
#.Y.#...# #...##....
#...[. ...## ......#
#.## .......## ##
...#... #.###..


You could see an ice beast.

Vanquished Creatures
  A sky beast (D:4)
  2 ogres (D:5)
  A bullfrog (D:5)
  2 elf zombies
  An elf skeleton (D:4)
  A scorpion (D:4)
  A howler monkey (D:5)
  An orc priest (D:4)
  2 crimson imps (D:4)
  2 hounds
  2 bullfrog skeletons
  2 human skeletons (D:4)
  An iguana (D:5)
  2 orc wizards (D:4)
  A worker ant (D:4)
  4 kobold zombies (Ossuary)
  3 ogre zombies (Ossuary)
  A hound skeleton (D:4)
  7 mummies (Ossuary)
  6 gnolls
  11 adders
  2 centaur zombies (Ossuary)
  4 oozes
  6 adder zombies (Ossuary)
  2 worms
  A dart slug (D:3)
  4 leopard geckos
  23 orcs
  A giant cockroach (D:2)
  6 goblins
  10 hobgoblins
  9 jackals
  12 kobolds
  2 quokkas
  9 bats
  3 frilled lizards
  A gnoll zombie (Ossuary)
  A goblin zombie (Ossuary)
  6 hobgoblin zombies (Ossuary)
  An orc skeleton (D:4)
  An orc zombie (D:4)
  A quokka zombie (Ossuary)
  10 rats
  5 rat zombies (Ossuary)
174 creatures vanquished.

Notes
Turn   | Place    | Note
-------+----------+-------------------------------------------
     0 | D:1      | Mrkan the Gargoyle Fighter began the quest for the Orb.
     0 | D:1      | Reached XP level 1. HP: 14/14 MP: 1/1
   184 | D:1      | Reached XP level 2. HP: 19/19 MP: 2/2
   478 | D:1      | Reached XP level 3. HP: 23/23 MP: 3/3
   894 | D:2      | Reached skill level 3 in Maces & Flails
  1028 | D:2      | Reached XP level 4. HP: 29/29 MP: 4/4
  1764 | D:3      | Reached XP level 5. HP: 33/33 MP: 5/5
  2356 | D:3      | Reached skill level 4 in Maces & Flails
  2457 | D:3      | Reached XP level 6. HP: 35/38 MP: 6/6
  2579 | D:3      | Found an ancient bone altar of Kikubaaqudgha.
  2579 | D:3      | Found a hazy altar of Hepliaklqana.
  3092 | D:3      | Found a runed door.
  3333 | D:4      | Noticed a sky beast
  3343 | D:4      | Killed a sky beast
  3344 | D:4      | Reached XP level 7. HP: 38/44 MP: 7/7
  3573 | D:4      | Reached skill level 5 in Maces & Flails
  3584 | D:4      | Found a sand-covered staircase.
  3589 | Ossuary  | Entered an ossuary
  3698 | Ossuary  | Reached skill level 5 in Shields
  3729 | Ossuary  | Reached skill level 5 in Armour
  3911 | Ossuary  | Reached skill level 5 in Fighting
  4414 | D:4      | Reached XP level 8. HP: 49/49 MP: 8/8
  4478 | D:4      | Reached skill level 6 in Maces & Flails
  5047 | D:5      | Entered Level 5 of the Dungeon
  5076 | D:5      | Noticed Edmund
  5441 | D:5      | Reached skill level 7 in Maces & Flails
  5455 | D:5      | Slain by an ice beast

Skill      XL: |  1  2  3  4  5  6  7  8 |
---------------+-------------------------+-----
Maces & Flails | 3 4 5 7 |  7.1
Shields        | 4 5 6 |  6.2
Armour         | 4 5 6 |  6.1
Fighting       | 4 5 6 |  6.1

Action                   |  1- 3 |  4- 6 |  7- 9 || total
-------------------------+-------+-------+-------++-------
Melee: Flail             |   169 |   266 |   421 ||   856
  Use: Potion            |       |     1 |       ||     1
  Eat: Chunk             |     7 |    17 |     9 ||    33
       Ration            |       |       |     3 ||     3
Armor: Scale mail        |   142 |   141 |   198 ||   481
Dodge: Dodged            |    41 |    68 |    72 ||   181
Block: Medium shield     |   119 |   169 |   177 ||   465
